[ AOE2 MATCH · #495284643 ]
UnrankedCelts vs Spanish
Player's team · LOSS
Rival team · WIN
[ REPLAY ANALYSIS · EXTRACTED FROM THE RECORDED GAME ]
Feudal
10:30
Castle
14:00
Imperial
31:28
| APM avg | 40.4 |
| APM peak | 76 |
| eAPM avg | 22.1 |
| Villagers / military | 116 / 60 |
Focus
⚔️ 28.7% · 🌾 71.3%
Woad Raider ×20 · Scorpion ×11 · Battering Ram ×9 · Monk ×6 · Archer ×6 · Skirmisher ×6
Feudal
11:46
Castle
15:16
Imperial
31:17
| APM avg | 28.1 |
| APM peak | 51 |
| eAPM avg | 16.1 |
| Villagers / military | 146 / 69 |
Focus
⚔️ 25.8% · 🌾 74.2%
Knight ×34 · Conquistador ×12 · Hand Cannoneer ×11 · Trebuchet (Packed) ×5 · Scout Cavalry ×3 · Monk ×2
Match map
Initial resources + every placement click. Lines = walls · curves = elevation contours. ◆ gold · ⬟ stone · ● berries · ✦ relic · ◌ wall gap
Your base· ✓ Closed at 14:00 · 0t walls · 2 gate(s)
Wololo's base· ✓ Closed at 15:16 · 0t walls · 3 gate(s)
Smoothed initial terrain · ◌ = detected wall gap · hover for details
Inputs per minute
— Lorenz - - Wololo
Build order — Lorenz
First 150 of 329 actions detected
| 0:00 | Create | Villager (Male) |
| 0:00 | Create | Villager (Male) |
| 0:01 | Build | House |
| 0:02 | Build | House |
| 0:09 | Create | Villager (Male) |
| 0:09 | Create | Villager (Male) |
| 1:33 | Create | Villager (Male) |
| 1:53 | Build | Lumber Camp |
| 2:01 | Create | Villager (Male) |
| 2:03 | Create | Villager (Male) |
| 2:45 | Create | Villager (Male) |
| 3:18 | Create | Villager (Male) |
| 3:18 | Create | Villager (Male) |
| 3:41 | Build | House |
| 3:46 | Create | Villager (Male) |
| 4:17 | Build | Mill |
| 4:32 | Create | Villager (Male) |
| 4:42 | Create | Villager (Male) |
| 4:42 | Create | Villager (Male) |
| 5:04 | Build | House |
| 5:38 | Create | Villager (Male) |
| 5:38 | Create | Villager (Male) |
| 5:38 | Create | Villager (Male) |
| 5:38 | Create | Villager (Male) |
| 6:06 | Create | Villager (Male) |
| 7:09 | Create | Villager (Male) |
| 7:47 | Build | Mining Camp |
| 8:03 | Build | House |
| 8:08 | Research | Feudal Age |
| 8:27 | Build | Farm |
| 8:39 | Create | Villager (Male) |
| 8:39 | Create | Villager (Male) |
| 9:08 | Build | Barracks |
| 10:30 | Age | Feudal Age |
| 10:32 | Build | Archery Range |
| 10:35 | Build | Blacksmith |
| 11:19 | Research | Castle Age |
| 11:20 | Research | Castle Age |
| 11:20 | Create | Archer |
| 11:25 | Build | House |
| 11:35 | Create | Archer |
| 11:57 | Research | Fletching |
| 12:02 | Research | Double-Bit Axe |
| 12:03 | Research | Double-Bit Axe |
| 12:12 | Build | Farm |
| 12:26 | Create | Archer |
| 12:29 | Build | House |
| 12:50 | Build | Farm |
| 12:54 | Create | Villager (Male) |
| 12:56 | Create | Archer |
| 13:20 | Create | Archer |
| 13:23 | Build | Farm |
| 14:00 | Age | Castle Age |
| 14:05 | Research | Bow Saw |
| 14:05 | Research | Bow Saw |
| 14:17 | Create | Villager (Male) |
| 14:39 | Create | Archer |
| 14:40 | Create | Villager (Male) |
| 14:42 | Research | Horse Collar |
| 15:07 | Create | Villager (Male) |
| 15:10 | Build | Town Center |
| 15:27 | Create | Villager (Male) |
| 15:48 | Create | Villager (Male) |
| 15:52 | Build | Monastery |
| 16:16 | Create | Villager (Male) |
| 16:19 | Build | Farm |
| 16:23 | Build | Town Center |
| 16:30 | Build | House |
| 16:43 | Create | Monk |
| 16:47 | Build | Farm |
| 16:48 | Create | Villager (Male) |
| 16:51 | Research | Loom |
| 16:57 | Build | Farm |
| 17:17 | Build | Farm |
| 17:20 | Build | Farm |
| 17:25 | Create | Villager (Male) |
| 17:27 | Build | Farm |
| 17:31 | Build | Farm |
| 17:46 | Create | Villager (Male) |
| 17:50 | Build | Farm |
| 17:54 | Build | Farm |
| 18:11 | Create | Monk |
| 18:14 | Create | Villager (Male) |
| 18:21 | Create | Villager (Male) |
| 18:25 | Build | Farm |
| 18:26 | Build | Farm |
| 18:28 | Build | House |
| 18:31 | Build | Farm |
| 18:35 | Build | Farm |
| 18:35 | Build | Farm |
| 18:35 | Build | Farm |
| 18:36 | Build | Farm |
| 18:36 | Build | Farm |
| 18:38 | Build | Farm |
| 18:38 | Build | Farm |
| 18:39 | Build | Farm |
| 18:39 | Build | Farm |
| 18:39 | Build | Farm |
| 18:51 | Create | Villager (Male) |
| 18:58 | Build | Lumber Camp |
| 19:01 | Build | Farm |
| 19:01 | Create | Villager (Male) |
| 19:15 | Create | Villager (Male) |
| 19:22 | Create | Villager (Male) |
| 19:25 | Build | Farm |
| 19:26 | Build | Farm |
| 19:43 | Create | Villager (Male) |
| 19:51 | Create | Villager (Male) |
| 19:56 | Create | Villager (Male) |
| 19:57 | Build | Farm |
| 19:59 | Build | Farm |
| 20:29 | Create | Villager (Male) |
| 20:31 | Research | Wheelbarrow |
| 20:31 | Create | Villager (Male) |
| 20:38 | Create | Monk |
| 20:47 | Create | Villager (Male) |
| 20:49 | Create | Villager (Male) |
| 20:51 | Create | Villager (Male) |
| 20:52 | Create | Villager (Male) |
| 20:56 | Create | Villager (Male) |
| 21:05 | Create | Villager (Male) |
| 21:09 | Create | Villager (Male) |
| 21:18 | Create | Villager (Male) |
| 21:26 | Create | Villager (Male) |
| 21:41 | Create | Villager (Male) |
| 21:42 | Create | Villager (Male) |
| 21:44 | Build | Farm |
| 21:52 | Build | Mill |
| 21:53 | Build | Farm |
| 21:53 | Build | Farm |
| 21:54 | Build | Farm |
| 21:54 | Build | Farm |
| 21:54 | Build | Farm |
| 21:55 | Create | Villager (Male) |
| 22:03 | Create | Villager (Male) |
| 22:17 | Create | Villager (Male) |
| 22:20 | Create | Skirmisher |
| 22:20 | Create | Skirmisher |
| 22:29 | Create | Villager (Male) |
| 22:33 | Create | Villager (Male) |
| 22:38 | Build | House |
| 22:46 | Create | Monk |
| 22:47 | Create | Villager (Male) |
| 22:50 | Research | Hand Cart |
| 22:54 | Create | Villager (Male) |
| 22:54 | Create | Villager (Male) |
| 22:58 | Build | Mining Camp |
| 23:04 | Build | University |
| 23:05 | Create | Villager (Male) |
| 23:11 | Create | Monk |
Build order — Wololo
First 150 of 284 actions detected
| 0:01 | Create | Villager (Male) |
| 0:02 | Build | House |
| 0:05 | Build | House |
| 0:13 | Create | Villager (Male) |
| 0:13 | Create | Villager (Male) |
| 0:18 | Create | Villager (Male) |
| 1:26 | Create | Villager (Male) |
| 1:55 | Create | Villager (Male) |
| 2:19 | Create | Villager (Male) |
| 2:35 | Build | Lumber Camp |
| 2:37 | Create | Villager (Male) |
| 3:12 | Create | Villager (Male) |
| 3:12 | Create | Villager (Male) |
| 3:21 | Create | Villager (Male) |
| 3:34 | Build | House |
| 3:34 | Build | House |
| 3:56 | Create | Villager (Male) |
| 4:23 | Create | Villager (Male) |
| 4:54 | Create | Villager (Male) |
| 5:14 | Create | Villager (Male) |
| 5:27 | Create | Villager (Male) |
| 5:39 | Build | Mill |
| 6:26 | Create | Villager (Male) |
| 6:51 | Create | Villager (Male) |
| 7:15 | Build | House |
| 7:25 | Create | Villager (Male) |
| 7:40 | Build | Farm |
| 7:44 | Build | Farm |
| 7:51 | Create | Villager (Male) |
| 8:15 | Create | Villager (Male) |
| 8:28 | Research | Feudal Age |
| 8:31 | Create | Villager (Male) |
| 8:43 | Research | Feudal Age |
| 8:51 | Build | Mining Camp |
| 8:53 | Create | Villager (Male) |
| 8:55 | Research | Feudal Age |
| 9:46 | Build | House |
| 10:02 | Build | Barracks |
| 11:05 | Create | Villager (Male) |
| 11:06 | Create | Villager (Male) |
| 11:12 | Build | Mining Camp |
| 11:46 | Age | Feudal Age |
| 11:49 | Build | Stable |
| 11:54 | Build | Blacksmith |
| 12:26 | Research | Castle Age |
| 12:39 | Research | Double-Bit Axe |
| 12:47 | Build | Farm |
| 12:49 | Research | Horse Collar |
| 13:08 | Build | Farm |
| 13:13 | Create | Spearman |
| 13:36 | Build | Farm |
| 13:41 | Build | House |
| 13:50 | Build | House |
| 14:02 | Build | Farm |
| 14:52 | Create | Villager (Male) |
| 15:16 | Age | Castle Age |
| 15:21 | Build | Town Center |
| 15:34 | Create | Knight |
| 15:35 | Create | Knight |
| 15:37 | Research | Scale Barding Armor |
| 15:41 | Create | Villager (Male) |
| 15:44 | Create | Villager (Male) |
| 16:07 | Create | Villager (Male) |
| 16:09 | Build | Farm |
| 16:12 | Build | Farm |
| 16:14 | Build | Farm |
| 16:17 | Create | Villager (Male) |
| 16:17 | Create | Villager (Male) |
| 16:31 | Build | Farm |
| 16:43 | Create | Knight |
| 17:04 | Create | Villager (Male) ×2 |
| 17:05 | Build | Farm |
| 17:24 | Create | Knight |
| 17:30 | Build | Farm |
| 17:31 | Build | Farm |
| 17:42 | Create | Villager (Male) |
| 17:47 | Build | Farm |
| 18:00 | Create | Villager (Male) |
| 18:14 | Build | Castle |
| 18:22 | Create | Villager (Male) ×2 |
| 18:24 | Build | Farm |
| 18:24 | Build | Farm |
| 18:25 | Build | Farm |
| 18:25 | Build | Farm |
| 18:25 | Build | Farm |
| 18:39 | Create | Scout Cavalry |
| 18:54 | Build | House |
| 18:55 | Build | House |
| 18:56 | Build | House |
| 18:57 | Create | Villager (Male) |
| 19:05 | Create | Villager (Male) |
| 19:12 | Create | Villager (Male) |
| 19:32 | Create | Conquistador |
| 19:33 | Create | Villager (Male) |
| 19:37 | Build | Farm |
| 19:56 | Create | Villager (Male) ×2 |
| 19:58 | Build | Farm |
| 20:21 | Create | Villager (Male) ×3 |
| 20:26 | Build | Town Center |
| 20:28 | Build | House |
| 20:29 | Build | House |
| 20:37 | Build | Farm |
| 20:37 | Create | Villager (Male) ×2 |
| 20:53 | Create | Conquistador |
| 20:53 | Create | Conquistador |
| 21:04 | Create | Conquistador |
| 21:05 | Create | Villager (Male) |
| 21:18 | Create | Villager (Male) |
| 21:21 | Build | Farm |
| 21:22 | Build | Farm |
| 21:22 | Build | Farm |
| 21:22 | Build | Farm |
| 21:23 | Create | Villager (Male) |
| 21:48 | Research | Wheelbarrow |
| 21:51 | Build | Farm |
| 21:51 | Build | Farm |
| 21:52 | Build | Farm |
| 21:52 | Build | Farm |
| 21:52 | Build | Farm |
| 22:00 | Create | Villager (Male) ×3 |
| 22:17 | Build | Farm |
| 22:17 | Build | Farm |
| 22:18 | Build | Farm |
| 22:18 | Build | Farm |
| 22:18 | Build | Farm |
| 22:21 | Create | Villager (Male) ×2 |
| 22:28 | Create | Conquistador |
| 22:35 | Build | Farm |
| 22:36 | Create | Villager (Male) ×2 |
| 22:51 | Create | Conquistador |
| 22:52 | Create | Villager (Male) |
| 22:57 | Build | Farm |
| 23:00 | Build | Farm |
| 23:00 | Build | Farm |
| 23:01 | Build | Farm |
| 23:05 | Create | Villager (Male) ×2 |
| 23:12 | Create | Conquistador |
| 23:21 | Build | Farm |
| 23:21 | Build | Farm |
| 23:22 | Build | Farm |
| 23:31 | Create | Conquistador ×2 |
| 23:33 | Create | Villager (Male) ×2 |
| 23:35 | Create | Villager (Male) |
| 23:45 | Research | Heavy Plow |
| 23:52 | Build | Lumber Camp |
| 24:01 | Create | Villager (Male) ×3 |
| 24:03 | Build | Farm |
| 24:06 | Build | House |
| 24:07 | Build | House |
| 24:08 | Build | House |
Match timeline
| 9:08 | Lorenz · first_building Barracks |
| 10:02 | Wololo · first_building Barracks |
| 10:30 | Lorenz · age_up feudal |
| 10:32 | Lorenz · first_building Archery Range |
| 11:46 | Wololo · age_up feudal |
| 11:49 | Wololo · first_building Stable |
| 14:00 | Lorenz · age_up castle |
| 15:16 | Wololo · age_up castle |
| 15:52 | Lorenz · first_building Monastery |
| 18:14 | Wololo · first_building Castle |
| 24:57 | Wololo · first_building Monastery |
| 26:26 | Lorenz · first_building Castle |
| 28:03 | Lorenz · first_market_sell 100 food |
| 28:16 | Lorenz · first_building Siege Workshop |
| 31:17 | Wololo · age_up imperial |
| 31:28 | Lorenz · age_up imperial |
| 32:08 | Wololo · first_building Siege Workshop |
| 33:34 | Wololo · first_market_sell 100 food |
| 34:13 | Wololo · first_building Archery Range |
| 34:27 | Lorenz · first_market_buy 100 wood |
| 36:53 | Lorenz · resign |
[ AI ANALYSIS · 1 CREDIT ]
What really happened in this match?
Wolo.gg analyzes every decision: build order, eco, micro, common mistakes by bracket. Personalized analysis on WhatsApp or Discord in 30 seconds.
Civ guide
Celts
Perfil
Lorenz